 Dungeon Crawl Stone Soup version 0.25-a0-41-g6cf4ce537d (webtiles) character file.

Game seed: 6884648082011552324, levelgen mode: deterministic

160 Gumption the Shield-Bearer (level 5, -14/33 HPs)
             Began as a Gargoyle Fighter on Oct 21, 2019.
             Killed by divine providence
             ... invoked by an orc priest
              (15 damage)
             ... on level 3 of the Dungeon.
             The game lasted 00:20:11 (2301 turns).

Gumption the Shield-Bearer (Gargoyle Fighter)       Turns: 2301, Time: 00:20:12

Health: -14/33     AC: 10    Str: 21    XL:     5   Next: 41%
Magic:  5/5        EV: 12    Int:  8    God:
Gold:   127        SH: 10    Dex: 14    Spells: 4/4 levels left

rFire    . . .     SeeInvis .   b - +2 dagger (elec)
rCold    . . .     Gourm    .   c - +0 shield
rNeg     + . .     Faith    .   g - +0 scale mail
rPois    ∞         Spirit   .   (no helmet)
rElec    +         Reflect  .   (no cloak)
rCorr    .         Harm     .   (no gloves)
MR       .....                  i - -2 pair of boots (curse)
Stlth    +.........             (no amulet)
HPRegen  0.11/turn              (no ring)
MPRegen  0.09/turn              (no ring)

@: agile
A: negative energy resistance 1, electricity resistance, unbreathing,
petrification resistance, rot immunity, AC +4
a: no special abilities


You were on level 3 of the Dungeon.
You were not hungry.

You visited 1 branch of the dungeon, and saw 3 of its levels.

You collected 127 gold pieces.

Inventory:

Hand Weapons
 a - a +0 flail
 b - a +2 dagger of electrocution (weapon)
Missiles
 h - 81 stones (quivered)
Armour
 c - a +0 shield (worn)
 g - a +0 scale mail (worn)
 i - a cursed -2 pair of boots (worn)
Scrolls
 l - a scroll of teleportation {unknown}
 n - a scroll of remove curse {unknown}
 p - a scroll of blinking {unknown}
 r - 2 scrolls of magic mapping {unknown}
Potions
 d - a potion of might
 e - 3 potions of curing {unknown}
 j - 2 potions of mutation {unknown}
 k - 2 potions of resistance {unknown}
 m - a potion of degeneration {unknown}
 q - a potion of ambrosia {unknown}
Comestibles
 f - 2 rations
 s - 7 chunks of flesh


   Skills:
 + Level 3.9 Fighting
 * Level 3.4 Maces & Flails
 + Level 4.0 Armour
 * Level 4.6 Shields


You had 4 spell levels left.
You didn't know any spells.
Your spell library was empty.

Dungeon Overview and Level Annotations

Branches:
Dungeon (3/15)

Altars:

Annotations:
D:3 3 runed translucent doors, Froggeryz's ghost, weakling OgHu


Innate Abilities, Weirdness & Mutations

You are resistant to torment.
Your stone body is resilient. (AC +4)
You are immune to poison.
You resist negative energy. (rN+)
You are resistant to electric shocks. (rElec)
You can survive without breathing.
You are immune to petrification.
You are immune to rotting.


Message History

The orc hits you.
* * * LOW HITPOINT WARNING * * *
Some of the chunks of flesh in your inventory have rotted away.
The orc throws a boomerang.
You block the boomerang.
The weapon returns to the orc!
The orc throws a boomerang.
The boomerang hits you but does no damage.
The weapon returns to the orc!
You feel agile all of a sudden. You block the gnoll's attack.
The orc hits you but does no damage.
The orc priest begins to cast a cantrip, but forgets the words!
The gnoll closely misses you. You block the gnoll's attack.
The orc throws a boomerang.
The boomerang closely misses you.
The weapon returns to the orc!
The orc throws a boomerang.
The boomerang hits you.
* * * LOW HITPOINT WARNING * * *
The weapon returns to the orc!
The orc priest invokes the aid of Beogh against you.
Beogh smites you!
You die...

##...##....#.#######
#....÷'....(........
#.#####...)#.########
#.# #.'....'.........
#.###'#....#>........
#.##.o...############
#.#..go..#
#.##..o..####
#.##.@...'..'
#.##.....####
#.####################
#.....................
#########....#########
#....# #....# ####8##
#....###.+.[..
#........##8##


You could see an orc priest, a gnoll and 2 orcs.

Vanquished Creatures
  An orc priest (D:3)
  4 gnolls
  An adder (D:3)
  2 oozes
  A dart slug (D:2)
  2 leopard geckos (D:1)
  2 orcs (D:3)
  12 bats
  3 giant cockroaches
  4 goblins
  8 hobgoblins
  4 jackals
  11 kobolds
  3 ball pythons
  3 frilled lizards
  8 rats
69 creatures vanquished.

Notes
Turn   | Place    | Note
-------+----------+-------------------------------------------
     0 | D:1      | Gumption the Gargoyle Fighter began the quest for the Orb.
     0 | D:1      | Reached XP level 1. HP: 14/14 MP: 1/1
    76 | D:1      | Reached XP level 2. HP: 18/19 MP: 2/2
   419 | D:1      | Reached XP level 3. HP: 23/23 MP: 3/3
  1142 | D:2      | Reached XP level 4. HP: 27/28 MP: 4/4
  1905 | D:3      | Found a runed translucent gate.
  1905 | D:3      | Found a runed translucent gate.
  1907 | D:3      | Found a runed translucent gate.
  1907 | D:3      | Noticed Froggeryz's ghost (weakling OgHu)
  2140 | D:3      | Reached XP level 5. HP: 33/33 MP: 5/5
  2300 | D:3      | HP: 1/33 [orc/boomerang (5)]
  2301 | D:3      | Killed from afar by an orc priest

Levels and vault maps discovered:
D:1:      saegor_arrival_simple_b, layout_rooms
D:2:      layout_basic
D:3:      layout_basic, gammafunk_ghost_necromancy, minmay_misc_feat_iff,
          grunt_ministairs_15, dk_noncrumbling_2

Skill      XL: |  1  2  3  4  5 |
---------------+----------------+-----
Shields        | 4 |  4.6
Maces & Flails | 3 |  3.4
Armour         | 4 |  4.0
Fighting       | |  3.9

Action                   |  1- 3 |  4- 6 || total
-------------------------+-------+-------++-------
Melee: Flail             |   161 |    17 ||   178
       Dagger            |       |    53 ||    53
Throw: Stone             |    61 |    35 ||    96
  Use: Potion            |       |     1 ||     1
  Eat: Chunk             |     1 |     4 ||     5
Armor: Scale mail        |   100 |    44 ||   144
Dodge: Dodged            |    57 |    31 ||    88
Block: Shield            |    78 |    39 ||   117

Table legend:
 A = Non-vault XP
 B = Vault XP
 C = Vault XP percentage of total XP
 D = Non-vault monster count
 E = Vault monster count
 F = Vault count percentage of total count
                 A         B        C        D         E       F
            +---------+---------+-------+---------+---------+-------
      Total |     228 |       1 |   0.4 |      68 |       1 |   1.4
            +---------+---------+-------+---------+---------+-------
        D:1 |      57 |       0 |   0.0 |      29 |       0 |   0.0
        D:2 |      44 |       0 |   0.0 |      20 |       0 |   0.0
        D:3 |     127 |       1 |   0.8 |      19 |       1 |   5.0
            +---------+---------+-------+---------+---------+-------
